 Dungeon Crawl Stone Soup version 0.26-a0-834-g69557b85cc (webtiles) character file.

Game seed: 5679216768031277453

212521 marklar909 the Eclecticist (level 18, -1/148 HPs)
             Began as a Red Draconian Conjurer on Nov 16, 2020.
             Was the Champion of Vehumet.
             Slain by an apocalypse crab (5 damage)
             ... while paralysed
             ... on level 3 of the Abyss.
             The game lasted 02:18:23 (49385 turns).

marklar909 the Eclecticist (DrCj)                  Turns: 49385, Time: 02:18:23

Health: -1/148     AC: 18    Str: 12    XL:     18   Next: 24%
Magic:  12/38      EV:  2    Int: 27    God:    Vehumet [******]
Gold:   2507       SH:  0    Dex: 21    Spells: 15/49 levels left

rFire    + . .     SeeInvis +   j - staff of fire
rCold    + . .     Faith    .   M - +0 buckler {reflect}
rNeg     . . .     Spirit   .   (armour unavailable)
rPois    .         Reflect  +   z - +2 hat {Int+3}
rElec    .         Harm     .   V - +1 cloak {rCorr}
rCorr    +         Rampage  .   v - +1 pair of gloves
MR       +....                  W - +1 pair of boots {Stlth+}
Stlth    +++++.....             t - amulet of regeneration
HPRegen  0.74/turn              T - ring "Zemn" {Ice Dex+4 Slay+3 SInv}
MPRegen  0.26/turn              A - ring of the Quahog {Wiz Str+3 Dex+4}

@: paralysed, agile, lethally poisoned (-1 -> -1), berserk cooldown, hasted and
slowed
A: breathe fire, unfitting armour, fire resistance 1, cold-blooded, AC +10
}: 1/15 runes: barnacled
a: Breathe Fire, Renounce Religion


You were on level 3 of the Abyss.
You worshipped Vehumet.
Vehumet was exalted by your worship.
You visited 6 branches of the dungeon, and saw 29 of its levels.
You visited the Abyss 1 time.

You collected 3752 gold pieces.
You spent 1245 gold pieces at shops.

Inventory:

Missiles
 N - 118 poisoned darts (quivered)
Armour
 v - a +1 pair of gloves (worn)
 z - a +2 hat of intelligence (worn)
 M - a +0 buckler of reflection (worn)
 V - a +1 cloak of preservation (worn)
 W - a +1 pair of boots of stealth (worn)
Magical Staves
 j - an uncursed staff of fire (weapon)
Jewellery
 t - an amulet of regeneration (around neck)
 A - the ring of the Quahog (right hand) {Wiz Str+3 Dex+4}
   (You found it on level 7 of the Dungeon)

   [ring of wizardry]

   It improves your spell success rate.
   It affects your strength (+3).
   It affects your dexterity (+4).
 T - the ring "Zemn" (left hand) {Ice Dex+4 Slay+3 SInv}
   (You found it on level 4 of the Lair of Beasts)

   [ring of ice]

   It enhances your ice magic.
   It affects your dexterity (+4).
   It affects your accuracy and damage with ranged weapons and melee attacks
   (+3).
   It makes you vulnerable to fire.
   It protects you from cold.
   It lets you see invisible.
Wands
 x - a wand of iceblast (24)
 y - a wand of disintegration (28)
 B - a wand of acid (18)
 E - a wand of paralysis (22)
Scrolls
 b - 4 scrolls of enchant weapon
 c - 6 scrolls of teleportation
 e - 4 scrolls of fog
 h - 15 scrolls of remove curse
 i - 2 scrolls of blinking
 k - 10 scrolls of identify
 m - 5 scrolls of magic mapping
 o - 5 scrolls of fear
 H - 2 scrolls of amnesia
 J - 2 scrolls of immolation
Potions
 a - 3 potions of ambrosia
 d - 5 potions of flight
 f - 5 potions of mutation
 g - 2 potions of berserk rage
 l - 6 potions of lignification
 n - 10 potions of curing
 r - 4 potions of brilliance
 u - 5 potions of might
 w - a potion of invisibility
 D - 2 potions of cancellation
 L - 5 potions of heal wounds
 O - 4 potions of haste
 P - 2 potions of magic
 R - 2 potions of resistance
Miscellaneous
 q - a lightning rod (3/4)
 C - a phantom mirror
 G - a box of beasts
 I - a tin of tremorstones (1/2)


   Skills:
 * Level 10.2 Fighting
 + Level 5.5 Staves
 + Level 1.0 Throwing
 * Level 10.1 Dodging
 + Level 6.3 Stealth
 + Level 8.2 Shields
 - Level 16.4 Spellcasting
 + Level 15.5 Conjurations
 + Level 3.1 Translocations
 + Level 12.7 Fire Magic
 + Level 5.3 Air Magic
 + Level 9.1 Earth Magic
 + Level 3.8 Evocations


You had 15 spell levels left.
You knew the following spells:

 Your Spells              Type           Power        Failure   Level
b - Searing Ray           Conj           ######       0%          2
c - Iskenderun's Mystic   Conj/Tloc      ######..     1%          4
d - Airstrike             Air            ######....   1%          4
e - Lee's Rapid Deconstr  Erth           ######....   1%          5
f - Starburst             Conj/Fire      #######...   1%          6
g - Orb of Destruction    Conj           #######...   1%          7
h - Iron Shot             Conj/Erth      ######....   1%          6

Your spell library contained the following spells:

 Spells                   Type           Power        Failure   Level
 Magic Dart               Conj           ####         0%          1
 Corona                   Hex            ###....      1%          1
 Sandblast                Erth           ######       1%          1
 Shock                    Conj/Air       ####         1%          1
 Summon Small Mammal      Summ           ###.         1%          1
 Call Imp                 Summ           ###.....     1%          2
 Passwall                 Tmut/Erth      #####...     1%          2
 Slow                     Hex            ###.....     1%          2
 Swiftness                Air            ######..     1%          2
 Dazzling Flash           Conj/Hex       ######       1%          3
 Inner Flame              Hex/Fire       ######..     1%          3
 Portal Projectile        Hex/Tloc       ####..       1%          3
 Static Discharge         Conj/Air       ######..     1%          3
 Stone Arrow              Conj/Erth      ######       1%          3
 Fulminant Prism          Conj/Hex       ######....   1%          4
 Leda's Liquefaction      Hex/Erth       #####.....   1%          4
 Petrify                  Tmut/Erth      #####...     1%          4
 Lightning Bolt           Conj/Air       ######....   1%          5
 Call Canine Familiar     Summ           ###.....     2%          3
 Summon Guardian Golem    Hex/Summ       ###.....     2%          3
 Summon Lightning Spire   Summ/Air       #####...     3%          4
 Yara's Violent Unravell  Hex/Tmut       ###.......   7%          5
 Cause Fear               Hex            ###.......   9%          4
 Summon Ice Beast         Ice/Summ       ####....     9%          4
 Silence                  Hex/Air        #####.....   9%          5
 Discord                  Hex            ###.......   100%        8


Dungeon Overview and Level Annotations

Branches:
Dungeon (15/15)            Temple (1/1) D:5            Lair (6/6) D:8
 Shoals (4/4) Lair:3        Snake (0/4) Lair:2        Slime (0/5) Lair:5
    Orc (2/2) D:12            Elf (0/3) Orc:2        Vaults (1/5) D:13
 Depths (0/5) D:15

Altars:
Ashenzari
Cheibriados
Dithmenos
Elyvilon
Fedhas
Gozag
Hepliaklqana
Kikubaaqudgha
Makhleb
Nemelex Xobeh
Okawaru
Qazlal
Ru
Sif Muna
Trog
Uskayaw
Vehumet
Wu Jian
Xom
Yredelemnul
Zin
The Shining One
Beogh
Jiyva

Shops:
D:7 *!   Orc:2 ?(}}


Innate Abilities, Weirdness & Mutations

You can breathe blasts of fire.
Your fiery red scales are hard. (AC +10)
You cannot fit into any form of body armour.
Your flesh is heat resistant. (rF+)
You are cold-blooded and may be slowed by cold attacks.


Message History

You feel sick. The apocalypse crab bites you!
The apocalypse crab draws strength from your injuries!
The apocalypse crab claws you. The apocalypse crab freezes you! You resist.
The apocalypse crab bites you!!
* * * LOW HITPOINT WARNING * * *
You are engulfed in flames.
You resist.
* * * LOW HITPOINT WARNING * * *
The apocalypse crab claws you.
* * * LOW HITPOINT WARNING * * *
You are engulfed in flames.
You resist.
* * * LOW HITPOINT WARNING * * *
You feel less confused. The apocalypse crab bites you.
* * * LOW HITPOINT WARNING * * *
The apocalypse crab shocks you!
* * * LOW HITPOINT WARNING * * *
The apocalypse crab claws you.
* * * LOW HITPOINT WARNING * * *
The apocalypse crab freezes you. You resist.
You die...

#.. ##..# ....
.... .#..# ...#
.#..# .∩.#
#.....#### ...#
.#......#.###...#
#.....#...###.
...
#....t@....... .#
.#}##......####
................#
..###....#.#....#
..#.....#...##
..#..#..#......
.#..#..(# .....#
.. ........
....#.. . .
#........ (.#.


You could see an apocalypse crab (strong).

Vanquished Creatures
  Rupert (Orc:2)
  Jorgrun (Shoals:2)
  2 tentacled starspawn (Abyss:3)
  A kraken (Shoals:1)
  Kirke (D:12)
  Ilsuiw (Shoals:2)
  A frost giant (Shoals:4)
  An orc warlord (Orc:1)
  4 ironheart preservers
  An entropy weaver (Abyss:3)
  Nessos (D:15)
  A deep elf demonologist (Vaults:1)
  A deep elf annihilator (Vaults:1)
  Snorg (Lair:6)
  A deep elf death mage (Vaults:1)
  8 merfolk impalers
  5 merfolk javelineers
  Erolcha (D:9)
  A yaktaur captain (Vaults:1)
  8 hydras
  5 vault guards (D:13)
  3 rakshasas
  4 boulder beetles (D:11)
  Erica (D:8)
  6 catoblepae
  2 merfolk avatars
  3 deep troll shamans (Vaults:1)
  2 satyrs (Shoals:3)
  A merfolk aquamancer (Shoals:4)
  An alligator snapping turtle (Shoals:2)
  An ogre mage (D:15)
  3 centaur warriors
  7 two-headed ogres
  11 death yaks
  A vampire mage (D:15)
  3 tengu warriors (D:14)
  3 deep troll earth magi (Vaults:1)
  5 orc high priests (Orc:2)
  Urug (Lair:2)
  Nergalle (D:12)
  8 skeletal warriors
  15 sea snakes
  2 unseen horrors (D:12)
  A wizard (Vaults:1)
  3 deep trolls
  12 harpies
  4 orc knights
  2 deep elf archers (Vaults:1)
  An ironbrand convoker (Vaults:1)
  A necromancer (D:15)
  4 lindwurms (D:15)
  A wolf spider (D:15)
  A sphinx skeleton (D:15)
  An orc sorcerer (Vaults:1)
  19 manticores
  14 ugly things
  2 deep elf magi (Vaults:1)
  A tengu skeleton (D:15)
  9 cyclopes
  Maurice (D:8)
  30 fauns
  17 merfolk sirens
  10 elephants
  4 water nymphs
  3 vault sentinels (Vaults:1)
  4 cane toads
  A smoke demon (Abyss:2)
  2 black mambas
  Psyche (D:8)
  3 gargoyles
  2 spriggan zombies (D:15)
  A kobold demonologist (D:10)
  Maggie (D:8)
  12 komodo dragons
  6 rime drakes
  2 tengu conjurers
  A queen bee (shapeshifter) (D:14)
  A meliai (shapeshifter) (Vaults:1)
  8 trolls
  2 hornets
  37 merfolk
  21 slime creatures
  7 wind drakes
  A raiju (shapeshifter) (D:14)
  11 dream sheep
  29 blink frogs
  5 snapping turtles
  A centaur simulacrum (D:14)
  4 vampires
  A spriggan (shapeshifter) (D:15)
  3 shadows
  48 yaks
  A water elemental (Shoals:3)
  7 wyverns
  6 hogs (D:12)
  10 basilisks
  A human (shapeshifter) (Abyss:3)
  2 wraiths
  A steam dragon (D:11)
  Grum (D:8)
  5 humans (D:13)
  16 vampire mosquitoes
  3 acid dragons
  4 wargs
  2 soldier ants
  23 water moccasins
  48 orc warriors
  3 ice beasts
  6 sky beasts
  A hornet zombie (D:7)
  A phantom (D:8)
  3 black bears
  An eye of draining (D:14)
  3 necrophages
  13 ogres
  8 wolves
  16 centaurs
  11 big kobolds
  21 bullfrogs
  5 scorpions
  3 wyvern skeletons
  11 killer bees
  17 wights
  A small abomination (Abyss:2)
  An electric eel (D:15)
  4 howler monkeys
  A quasit (D:12)
  5 centaur zombies
  8 hounds
  3 jellies
  6 centaur skeletons
  29 orc priests
  A gnoll shaman (D:7)
  6 iguanas
  14 orc wizards
  8 hell rats
  Terence (D:2)
  8 worker ants
  A hound zombie (D:11)
  3 hound skeletons
  2 worker ant zombies
  17 gnolls
  20 adders
  3 white imps
  An ufetubus (D:10)
  2 adder skeletons
  2 dart slugs
  4 worms
  6 leopard geckos
  109 orcs
  3 ball pythons
  9 bats
  7 giant cockroaches
  5 goblins
  7 hobgoblins
  16 jackals
  9 quokkas
  5 frilled lizards
  A giant cockroach zombie (D:5)
  16 kobolds
  2 leopard gecko skeletons
  2 leopard gecko zombies
  A quokka skeleton (D:5)
  6 rats
  2 plants
  A starspawn tentacle (Abyss:3)
  A tentacle (Shoals:1)
1099 creatures vanquished.

Vanquished Creatures (collateral kills)
  An orc high priest (Orc:2)
  4 orc priests (Orc:2)
  An orc (Orc:2)
6 creatures vanquished.

Vanquished Creatures (others)
  A centaur warrior (D:13)
  2 humans (D:13)
  55 fungi
  174 plants
  2 starspawn tentacles (Abyss:3)
  4 tentacles (Shoals:1)
  9 withered plants (D:15)
247 creatures vanquished.

Grand Total: 1352 creatures vanquished

Notes
Turn   | Place    | Note
-------+----------+-------------------------------------------
     0 | D:1      | marklar909 the Draconian Conjurer began the quest for the
                  | Orb.
     0 | D:1      | Reached XP level 1. HP: 14/14 MP: 3/3
   525 | D:1      | Reached XP level 2. HP: 20/20 MP: 0/5
   964 | D:2      | Learned a level 2 spell: Searing Ray
  1126 | D:2      | Reached XP level 3. HP: 27/27 MP: 3/6
  1304 | D:2      | Reached skill level 1 in Fighting
  1413 | D:2      | Found a burning altar of Makhleb.
  1413 | D:2      | Noticed Terence
  1504 | D:2      | Killed Terence
  1505 | D:2      | Reached XP level 4. HP: 24/35 MP: 1/7
  1849 | D:2      | Found a sacrificial altar of Ru.
  1876 | D:2      | Reached skill level 5 in Conjurations
  2957 | D:3      | Reached XP level 5. HP: 41/41 MP: 6/9
  3275 | D:3      | Reached skill level 3 in Spellcasting
  3730 | D:3      | Found a white marble altar of Elyvilon.
  3915 | D:3      | Learned a level 4 spell: Iskenderun's Mystic Blast
  4295 | D:4      | Reached XP level 6. HP: 43/50 MP: 2/11
  4960 | D:5      | Entered Level 5 of the Dungeon
  5217 | D:5      | Noticed an ice beast
  5234 | D:5      | Reached skill level 4 in Spellcasting
  5235 | D:5      | Found a staircase to the Ecumenical Temple.
  5248 | Temple   | Entered the Ecumenical Temple
  5385 | Temple   | Became a worshipper of Vehumet
  5455 | D:5      | Killed an ice beast
  5456 | D:5      | Your scales start taking on a fiery red colour.
  5456 | D:5      | Reached XP level 7. HP: 38/57 MP: 2/13
  5456 | D:5      | Gained mutation: Your flesh is heat resistant. (rF+) [Red
                  | Draconian growth]
  5905 | D:5      | Found a shimmering blue altar of Sif Muna.
  6470 | D:6      | Found a glowing silver altar of Zin.
  6521 | D:6      | Reached skill level 1 in Shields
  6691 | D:6      | HP: 1/59 [orc priest/divine providence (13)]
  6997 | D:6      | Reached * piety under Vehumet
  6997 | D:6      | Offered knowledge of Sandblast by Vehumet.
  6998 | D:6      | Reached XP level 8. HP: 41/66 MP: 11/15
  7000 | D:6      | Learned a level 1 spell: Sandblast
  7232 | D:6      | Reached skill level 5 in Spellcasting
  7669 | D:7      | Found a shimmering blue altar of Sif Muna.
  7690 | D:7      | Got a heavily runed bronze ring
  7882 | D:7      | Found Kugasuack's General Store.
  7889 | D:7      | Bought a scroll of identify for 20 gold pieces
  7889 | D:7      | Bought a scroll of teleportation for 30 gold pieces
  7889 | D:7      | Bought a scroll of identify for 20 gold pieces
  7897 | D:7      | Identified the ring of the Quahog {Wiz Str+3 Dex+4} (You
                  | found it on level 7 of the Dungeon)
  8474 | D:7      | Found Axumujuli's Distillery.
  8480 | D:7      | Found a hide-covered altar of Uskayaw.
  8482 | D:7      | Bought a potion of flight for 42 gold pieces
  8482 | D:7      | Bought a potion of degeneration for 14 gold pieces
  8482 | D:7      | Bought a potion of attraction for 42 gold pieces
  8483 | D:7      | Noticed a +0 hand axe
  8483 | D:7      | Noticed a +0 dagger
  8550 | D:7      | Reached skill level 5 in Fighting
  8821 | D:7      | Found a shimmering blue altar of Sif Muna.
  8824 | D:7      | Found an iron altar of Okawaru.
  8827 | D:7      | Found a snail-covered altar of Cheibriados.
  9045 | D:7      | Reached XP level 9. HP: 56/74 MP: 9/17
  9161 | D:8      | Noticed Grum
  9173 | D:7      | HP: 3/74 [wolf[Grum] (8)]
  9352 | D:7      | Reached skill level 1 in Earth Magic
  9409 | D:7      | Reached skill level 6 in Spellcasting
  9507 | D:8      | Killed Grum
  9649 | D:8      | Noticed Maggie
  9658 | D:8      | Killed Maggie
  9688 | D:8      | Noticed Erica
  9694 | D:8      | Killed Erica
  9694 | D:8      | Reached ** piety under Vehumet
  9695 | D:8      | Reached skill level 1 in Translocations
  9811 | D:8      | Found a roughly hewn altar of Beogh.
  9815 | D:8      | Reached skill level 7 in Spellcasting
  9815 | D:8      | Offered knowledge of Freeze by Vehumet.
 10002 | D:8      | Found an opulent altar of Gozag.
 10060 | D:8      | Noticed Psyche
 10062 | D:8      | Killed Psyche
 10063 | D:8      | Reached XP level 10. HP: 83/84 MP: 18/20
 10236 | D:8      | Noticed Maurice
 10246 | D:8      | Killed Maurice
 10351 | D:8      | Learned a level 4 spell: Airstrike
 10412 | D:8      | Found a staircase to the Lair.
 10463 | D:8      | Found a basalt altar of Yredelemnul.
 10472 | D:8      | Found a stormy altar of Qazlal.
 10780 | D:9      | Reached skill level 1 in Staves
 10788 | D:9      | Offered knowledge of Stone Arrow by Vehumet.
 10793 | D:9      | Learned a level 3 spell: Stone Arrow
 10812 | D:9      | Reached skill level 5 in Dodging
 11042 | D:9      | Reached *** piety under Vehumet
 11425 | D:9      | Noticed Erolcha
 11430 | D:9      | Killed Erolcha
 11431 | D:9      | Reached skill level 8 in Spellcasting
 11431 | D:9      | Reached skill level 1 in Air Magic
 11653 | D:10     | Entered Level 10 of the Dungeon
 12203 | D:10     | Offered knowledge of Ignite Poison by Vehumet.
 12356 | D:10     | Reached XP level 11. HP: 56/94 MP: 3/23
 13944 | D:11     | Reached **** piety under Vehumet
 14049 | D:11     | Reached skill level 9 in Spellcasting
 14198 | D:11     | Offered knowledge of Lee's Rapid Deconstruction by Vehumet.
 14205 | D:11     | Learned a level 5 spell: Lee's Rapid Deconstruction
 14280 | D:11     | Noticed a boulder beetle
 14371 | D:11     | Noticed a boulder beetle
 14389 | D:11     | Killed a boulder beetle
 15346 | D:11     | HP: 1/95 [boulder beetle (27)]
 15844 | Lair:1   | Entered Level 1 of the Lair of Beasts
 16063 | Lair:1   | Reached skill level 5 in Stealth
 16196 | Lair:1   | Reached skill level 1 in Throwing
 17226 | Lair:2   | Reached skill level 5 in Air Magic
 17238 | Lair:2   | Reached XP level 12. HP: 103/103 MP: 8/25
 17242 | Lair:2   | Noticed Urug
 17413 | Lair:2   | Found a staircase to the Snake Pit.
 17426 | Lair:2   | Reached skill level 10 in Spellcasting
 17956 | Lair:2   | Reached skill level 5 in Earth Magic
 18094 | Lair:2   | Killed Urug
 18180 | Lair:2   | Reached ***** piety under Vehumet
 18464 | Lair:2   | Noticed an eight-headed hydra
 18497 | Lair:2   | Killed an eight-headed hydra
 18498 | Lair:2   | Offered knowledge of Starburst by Vehumet.
 18825 | Lair:2   | Noticed a six-headed hydra
 18832 | Lair:2   | Killed a six-headed hydra
 19050 | Lair:2   | Learned a level 6 spell: Starburst
 19061 | Lair:3   | Found a staircase to the Shoals.
 19073 | Lair:3   | Noticed a six-headed hydra
 19229 | Lair:3   | Killed a six-headed hydra
 19556 | Lair:3   | Noticed a six-headed hydra
 19702 | Lair:3   | Killed a six-headed hydra
 19703 | Lair:3   | Reached skill level 11 in Spellcasting
 19820 | Lair:3   | Reached skill level 1 in Fire Magic
 20641 | Lair:4   | Noticed a catoblepas
 20658 | Lair:4   | Killed a catoblepas
 20659 | Lair:4   | Reached XP level 13. HP: 109/110 MP: 3/28
 20784 | Lair:4   | Found a snail-covered altar of Cheibriados.
 21107 | Lair:4   | Got a crude steel ring
 21198 | Lair:4   | Reached skill level 10 in Conjurations
 21574 | Lair:5   | Found a staircase to the Slime Pits.
 21576 | Lair:5   | Found a viscous altar of Jiyva.
 21609 | Lair:5   | HP: 5/110 [death yak (1)]
 21609 | Lair:5   | HP: 1/110 [death yak (4)]
 22684 | D:10     | Identified the ring "Zemn" {Ice Dex+4 Slay+3 SInv} (You
                  | found it on level 4 of the Lair of Beasts)
 23310 | Lair:5   | Reached skill level 5 in Shields
 23762 | Lair:5   | Reached skill level 12 in Spellcasting
 24107 | Lair:6   | Entered Level 6 of the Lair of Beasts
 24272 | Lair:6   | Noticed Snorg
 24281 | Lair:6   | Killed Snorg
 24282 | Lair:6   | Reached skill level 5 in Fire Magic
 24681 | Lair:6   | Reached XP level 14. HP: 110/118 MP: 3/30
 24912 | Lair:6   | Reached skill level 1 in Evocations
 25521 | Lair:6   | Offered knowledge of Sticky Flame by Vehumet.
 27629 | D:11     | Reached skill level 13 in Spellcasting
 28628 | D:12     | Noticed Nergalle
 28631 | D:12     | Noticed Kirke
 28635 | D:12     | Killed Nergalle
 28641 | D:12     | Killed Kirke
 29906 | D:12     | Found a staircase to the Orcish Mines.
 29998 | Orc:1    | Entered Level 1 of the Orcish Mines
 30001 | D:12     | Upgraded the game from 0.26-a0-831-g7192265339 to
                  | 0.26-a0-834-g69557b85cc
 30018 | D:13     | Offered knowledge of Bolt of Magma by Vehumet.
 30268 | D:13     | Found a shadowy altar of Dithmenos.
 30268 | D:13     | You fall into a shaft and drop 1 floor!
 30699 | D:14     | Reached XP level 15. HP: 124/124 MP: 29/32
 32313 | D:13     | Offered knowledge of Fireball by Vehumet.
 33252 | D:13     | Found a gate to the Vaults.
 33401 | D:14     | Identified a scroll of acquirement
 33401 | D:14     | Acquired 855 gold pieces
 33847 | D:15     | Entered Level 15 of the Dungeon
 33962 | D:15     | Noticed Nessos
 33966 | D:15     | Reached skill level 14 in Spellcasting
 33966 | D:15     | Reached skill level 10 in Fire Magic
 33967 | D:15     | Killed Nessos
 34941 | D:15     | Found a staircase to the Depths.
 35113 | D:15     | Offered knowledge of Orb of Destruction by Vehumet.
 35515 | D:15     | Learned a level 7 spell: Orb of Destruction
 35555 | D:15     | Reached XP level 16. HP: 132/132 MP: 22/34
 35959 | Orc:2    | Entered Level 2 of the Orcish Mines
 36013 | Orc:2    | Noticed Rupert
 36021 | Orc:2    | Killed Rupert
 37070 | Orc:2    | Found Nonuynak's Magic Scroll Boutique.
 37071 | Orc:2    | Found Zamysch's Gadget Shop.
 37071 | Orc:2    | Found Plog's Antique Weapon Boutique.
 37072 | Orc:2    | Found Epottuf's Gadget Boutique.
 37082 | Orc:2    | Bought a scroll of fear for 52 gold pieces
 37082 | Orc:2    | Bought a scroll of identify for 30 gold pieces
 37082 | Orc:2    | Bought a scroll of identify for 30 gold pieces
 37082 | Orc:2    | Bought a scroll of identify for 30 gold pieces
 37082 | Orc:2    | Bought a scroll of identify for 30 gold pieces
 37082 | Orc:2    | Bought a scroll of teleportation for 45 gold pieces
 37082 | Orc:2    | Bought a scroll of amnesia for 52 gold pieces
 37477 | Orc:2    | Found a staircase to the Elven Halls.
 37682 | Orc:1    | Offered knowledge of Iskenderun's Battlesphere by Vehumet.
 38000 | Orc:2    | Bought a wand of acid (8) for 360 gold pieces
 38002 | Orc:2    | Bought a wand of acid (10) for 448 gold pieces
 38544 | Shoals:1 | Entered Level 1 of the Shoals
 38692 | Shoals:1 | Reached skill level 5 in Staves
 38718 | Shoals:1 | Noticed a kraken
 38844 | Shoals:1 | Killed a kraken
 40263 | Shoals:2 | Reached skill level 15 in Spellcasting
 41076 | Shoals:2 | Noticed Ilsuiw
 41635 | Shoals:2 | Noticed Jorgrun
 41680 | Shoals:2 | Killed Ilsuiw
 42257 | Shoals:2 | Killed Jorgrun
 42322 | Shoals:2 | Reached XP level 17. HP: 139/139 MP: 30/36
 43106 | Shoals:3 | Reached ****** piety under Vehumet
 43758 | Shoals:3 | Offered knowledge of Iron Shot by Vehumet.
 44173 | Shoals:4 | Entered Level 4 of the Shoals
 46600 | Shoals:4 | Reached skill level 16 in Spellcasting
 46795 | Shoals:4 | Got a barnacled rune of Zot
 47490 | Lair:1   | Learned a level 6 spell: Iron Shot
 47684 | Vaults:1 | Entered Level 1 of the Vaults
 47714 | D:13     | Reached skill level 15 in Conjurations
 48410 | Vaults:1 | Reached skill level 10 in Dodging
 48419 | Vaults:1 | Reached XP level 18. HP: 112/147 MP: 11/38
 48426 | Vaults:1 | Reached skill level 10 in Fighting
 49187 | Vaults:1 | Cast into level 2 of the Abyss (a deep elf demonologist)
 49385 | Abyss:3  | HP: 6/148 [apocalypse crab (9)]
 49385 | Abyss:3  | Slain by an apocalypse crab

Illustrated notes

Levels and vault maps discovered:
D:1:      tarquinn_simple_flora_water_f, layout_rooms, grunt_decor_one_mirror,
          st_stairs_2
D:2:      layout_loops_corners, nicolae_ru_great_annihilating_truth,
          makhleb_blood_cavern_becter, uniq_terence
D:3:      layout_rooms, elyvilon_altar_5, minmay_cut_off
D:4:      layout_cave_pools
D:5:      layout_loops_ring, temple_statues, moated_statue, nrook_loot_triangle,
          led_sif_pool
D:6:      layout_basic, zin_scriptorium, kennysheep_generic_room_9
D:7:      layout_gridville, dancing_weapons_uskayaw,
          grunt_temple_overflow_diamond, serial_shops, shop, nicolae_shop_trees,
          chequers_serial_rivers_small_3, lemuel_statue_altar
D:8:      minmay_angry_zag, layout_cave_pools, amethyst_overflow_temple_binary,
          david_lair_shrubbed, special_room [special_room_orc],
          grunt_gozag_statues, uniq_erica, uniq_grum, uniq_psyche, uniq_maurice,
          uniq_maggie
D:9:      layout_rooms, chequers_serial_rivers_room_b, uniq_erolcha
D:10:     layout_gridville, special_room [special_room_kobold]
D:11:     minmay_the_grid_four_pointed_star
          [minmay_the_grid_triangle_9x9_impossible_snake,
          minmay_the_grid_triangle_9x9_alien,
          minmay_the_grid_triangle_9x9_windchime,
          minmay_the_grid_triangle_9x9_intruding_spiral,
          minmay_the_grid_prize_inner_circle], layout_basic, minmay_fountain_box
D:12:     layout_rooms, orc_0_dummy, uniq_kirke, uniq_nergalle
D:13:     layout_rooms, ximxim_vaults_locker_room, basic_altar,
          lemuel_flamethrower_2
D:14:     layout_irregular_city, minmay_misc_feat_cross, grunt_ministairs_15,
          chequers_garden
D:15:     gammafunk_depths_entry_grave, layout_gridville, minmay_crystal_water,
          minmay_lindwurm_lava, uniq_nessos
Temple:   nicolae_temple_hex_pool
Lair:1:   layout_regular_city, grunt_megastairs_3, infiniplex_staircase_pool,
          serial_bayou_shore_a
Lair:2:   layout_misc_corridors, minmay_snake_entry_six_corridors,
          gauntlet_entry_generic, uniq_urug
Lair:3:   layout_roguey, minmay_shoals_entry_beasts
Lair:4:   layout_roguey, basic_altar
Lair:5:   layout_loops_ring, slime_altar_1, special_room
          [special_room_mythical_zoo], infiniplex_staircase_pool_2
Lair:6:   evilmike_catoblepas_cave, layout_regular_city, patterned_corridor,
          uniq_snorg
Shoals:1: layout_shoals
Shoals:2: layout_shoals, uniq_jorgrun, uniq_ilsuiw
Shoals:3: layout_shoals
Shoals:4: shoals_end_grunt_ice, layout_shoals
Orc:1:    layout_diamond_mine
Orc:2:    st_orc_pillars, layout_diamond_mine, uniq_rupert
Vaults:1: gammafunk_vaults_ghost_spectres, st_octagons_1,
          vaults_room_semicircle, nicolae_vaults_mini_display_case, v_rooms_1,
          hangedman_vaults_slither, nicolae_vaults_asterisk,
          hangedman_vaults_stagger, nicolae_vaults_border_crossing,
          layout_vaults_omnigrid
Abyss:3:  base: D:11, abyss_exit_lava, nicolae_abyss_rune_left_handed

Skill      XL: |  1  2  3  4  5  6  7  8  9 10 11 12 13 14 15 16 17 18 |
---------------+-------------------------------------------------------+-----
Fighting       | 1 2 3 4 5 6 7 8 9 10 | 10.2
Dodging        | 2 3 4 5 6 7 8 9 10 | 10.1
Stealth        | 2 3 4 5 6 |  6.3
Conjurations   | 5 6 7 8 9 11 12 13 15 | 15.5
Spellcasting   | 3 4 5 7 8 9 11 12 13 14 15 16 | 16.4
Shields        | 1 2 3 4 5 6 7 8 |  8.2
Earth Magic    | 3 4 6 7 9 |  9.1
Translocations | 1 2 3 |  3.1
Staves         | 1 2 3 4 5 |  5.5
Air Magic      | 2 5 |  5.3
Throwing       | 1 |  1.0
Fire Magic     | 2 5 8 10 11 12 | 12.7
Evocations     | 3 |  3.8

Action                   |  1- 3 |  4- 6 |  7- 9 | 10-12 | 13-15 | 16-18 || total
-------------------------+-------+-------+-------+-------+-------+-------++-------
Melee: Unarmed           |     4 |     5 |     5 |       |       |       ||    14
       Staff             |       |       |    16 |    81 |   253 |   202 ||   552
       Tailslap          |       |       |     3 |    13 |    56 |    41 ||   113
Throw: Dart              |       |       |       |     7 |     1 |       ||     8
 Cast: Magic Dart        |    31 |    13 |     5 |       |       |       ||    49
       Searing Ray       |    10 |    67 |    57 |    99 |   109 |    44 ||   386
       Sandblast         |       |       |    37 |     4 |       |       ||    41
       Iskenderun's Myst |       |       |    13 |    40 |     3 |     2 ||    58
       Stone Arrow       |       |       |       |   107 |    53 |     5 ||   165
       Airstrike         |       |       |       |    39 |     1 |       ||    40
       Lee's Rapid Decon |       |       |       |    18 |    55 |       ||    73
       Starburst         |       |       |       |    21 |   178 |   146 ||   345
       Orb of Destructio |       |       |       |       |     3 |   224 ||   227
       Iron Shot         |       |       |       |       |       |     4 ||     4
 Abil: Breathe Fire      |       |       |    31 |    44 |     9 |     2 ||    86
Evoke: Wand              |       |       |       |    14 |       |       ||    14
       Phantom mirror    |       |       |       |     1 |       |     1 ||     2
       Lightning rod     |       |       |       |       |     6 |     6 ||    12
       Tin of tremorston |       |       |       |       |       |     6 ||     6
       Box of beasts     |       |       |       |       |       |     1 ||     1
  Use: Scroll            |     1 |     2 |     3 |     6 |    30 |     8 ||    50
       Potion            |       |       |       |       |     1 |     1 ||     2
 Stab: Paralysed         |       |       |       |     1 |       |       ||     1
       Sleeping          |       |       |       |       |     8 |     1 ||     9
       Petrified         |       |       |       |       |     3 |       ||     3
       Distracted        |       |       |       |       |       |     2 ||     2
Armor: Skin              |    17 |    24 |    28 |    60 |   131 |   123 ||   383
Dodge: Dodged            |    38 |    33 |    86 |   229 |   303 |   498 ||  1187
Block: Buckler           |     1 |    10 |    26 |   126 |    72 |   180 ||   415
       Kite shield       |       |       |       |       |   225 |       ||   225
       Reflection        |       |       |       |       |    24 |    40 ||    64

Table legend: (Time is in decaauts)
 A = Elapsed time spent in this place.
 B = Non-inter-level travel time spent in this place.
 C = Inter-level travel time spent in this place.
 D = Time resting spent in this place.
 E = Time spent auto-exploring this place.
 F = Levels seen in this place.
 G = Mean time per level.
                   A        B        C        D        E       F      G
               +--------+--------+--------+--------+--------+-----+--------+
         Total |  50113 |  45190 |   4923 |  10827 |  26649 |  31 | 1616.5 |
       Dungeon |  26840 |  24062 |   2778 |   5066 |  14931 |  15 | 1789.3 |
        Temple |    148 |    111 |     37 |      0 |    110 |   1 |  148.0 |
          Lair |  10374 |   9699 |    675 |   2009 |   6383 |   6 | 1729.0 |
        Shoals |   9238 |   8051 |   1187 |   2962 |   3696 |   4 | 2309.5 |
  Orcish Mines |   2504 |   2286 |    218 |    579 |   1219 |   2 | 1252.0 |
        Vaults |    812 |    786 |     26 |    211 |    297 |   1 |  812.0 |
         Abyss |    194 |    194 |      0 |      0 |     12 |   2 |   97.0 |
               +--------+--------+--------+--------+--------+-----+--------+

Top non-repeatable levels by time:
    D:10: 3706 daAuts
Shoals:4: 3030 daAuts
    D:11: 2970 daAuts
Shoals:2: 2402 daAuts
    D:14: 2332 daAuts
    D:13: 2274 daAuts
     D:2: 2181 daAuts
Shoals:1: 2016 daAuts
  Lair:2: 2010 daAuts
     D:7: 1935 daAuts
  Lair:5: 1908 daAuts
  Lair:1: 1835 daAuts
Shoals:3: 1789 daAuts
     D:8: 1720 daAuts
  Lair:6: 1580 daAuts
